AoeStats
← 烏雲中

Hideout

509079878Analyzed
1v1 RM · 7d ago on Sep 25, 2026· 24m 40s· 2 players
Game mode
Random Map
Map size
Tiny (2 player)
Population
200
Speed
Normal
Resources
Standard
Victory
Conquest
Starting age
Dark Age
Ending age
Imperial Age
RankedLock teamsTeams togetherTeam positionsShared explorationLock speedFull tech treeHidden civsTurbo modeCheats
Victory
Defeat
🇯🇵 Hindustanis · Japan
1121
+14
🇹🇼 Khmer · Taiwan
1086
-14
烏雲中
10:14 Feudal Age
13:37 Castle Age
12:09 Double-Bit Axe
12:21 Horse Collar
14:27 Loom
NukuiOhSushi
10:10 Feudal Age
8:29 Loom
14:22 Castle Age
14:48 Scale Mail Armor
23:34 Forging
25:11 Wheelbarrow
Connection lost

Rejoining the realm…

Still unreachable

The connection could not be restored.

Session expired

The server has moved on; the page needs a fresh start.